[Event "Betsys MČR v online bleskovém šachu 2021"]
[Site "Chess.com"]
[Date "2021.04.17"]
[Round "11"]
[White "Pokemonchess"]
[Black "Rozmetal"]
[Result "0-1"]
[WhiteElo "1949"]
[BlackElo "2149"]
[TimeControl "180+1"]
[EndTime "10:50:44 PDT"]
[Termination "Uživatel Rozmetal zvítězil po vzdání soupeře"]

1. e4 c5 2. Nf3 e5 3. Nxe5 d6 4. Nf3 Nf6 5. Nc3 Be7 6. Bc4 O-O 7. h3 Nxe4 8. Nxe4 d5 9. Bd3 c4 10. Bxc4 dxe4 11. Nh2 Nc6 12. O-O Bd6 13. Ng4 Qh4 14. d3 Ne5 15. Nxe5 Bxe5 16. f4 exf3 17. Qxf3 Be6 18.
Bb3 Rac8 19. c3 Bxb3 20. axb3 a6 21. Bf4 Bxf4 22. Qxf4 Qd8 23. Kh1 Qxd3 24. Rad1 Qc2 25. Rd7 Qxb3 26. Rf2 Rcd8 27. Qxf7+ Qxf7 28. Rfxf7 Rxd7 29. Rxd7 Rf7 30. Rd2 Rc7 31. Kh2 Kf7 32. Kg3 Ke6 33.
Kf4 Rc4+ 34. Ke3 b5 35. Rd1 b4 36. cxb4 Rxb4 37. Rd2 Rb3+ 38. Ke2 Ke5 39. Rc2 g5 40.
Rd2 h5 41. Kf2 g4 42. hxg4 hxg4 43. Rc2 g3+ 44. Ke2 Ke4 45. Rd2 a5 46. Rc2 Kd4 47.
Rd2+ Kc4 48. Rc2+ Kd4 49. Rd2+ Ke4 50. Rc2 a4 51. Rd2 Rb4 52. Rc2 Kf4 53. Rd2 Re4+ 54. Kf1 Ke3 55. Re2+ Kd3 56. Rxe4 Kxe4 57. Ke2 Kd4 58.
Kf3 Kd3 59. Kxg3 Kc2 60. Kf4 Kxb2 61. g4 a3 62. g5 a2 63. g6 a1=Q 64. Kg5 Qa8 65.
g7 Qg8 66. Kf6 Kc3 0-1

[Event "Betsys MČR v online bleskovém šachu 2021"]
[Site "Chess.com"]
[Date "2021.04.17"]
[Round "11"]
[White "Krvelacny_krecek"]
[Black "mysacek1414"]
[Result "0-1"]
[WhiteElo "2342"]
[BlackElo "1926"]
[TimeControl "180+1"]
[EndTime "10:50:46 PDT"]
[Termination "Uživatel mysacek1414 zvítězil na čas"]

1. d4 Nf6 2. c4 c5 3. d5 b5 4.
cxb5 a6 5. bxa6 e6 6. Nc3 exd5 7.
Nxd5 Be7 8. g3 O-O 9. Bg2 Rxa6 10. Nf3 Nxd5 11. Qxd5 Rd6 12. Qb3 Rb6 13. Qc2 Nc6 14.
O-O d5 15. Bf4 Ba6 16. b3 Nb4 17. Qd2 Bf6 18. Rac1 c4 19. Be5 cxb3 20. axb3 Re8 21. Bd4 Rb7 22. Bxf6 Qxf6 23. Nd4 Qb6 24. Rfe1 Rbe7 25.
Bf3 h6 26. Rc3 Bb7 27. e3 Nc6 28. Nxc6 Bxc6 29. Rec1 Bb7 30. Qd4 Qxd4 31. exd4 Re1+ 32. Rxe1 Rxe1+ 33. Kg2 Rb1 34. h4 Kf8 35. Be2 Ke8 36. Kf3 Kd8 37. Ke3 Rb2 38. Bd3 f6 39. Bc2 Kd7 40.
Kd2 Ra2 41. b4 Ra8 42. Rc5 Re8 43. Bb3 Kd6 44. b5 Re4 45. Kd3 Re1 46. b6 Rb1 47. Kc2 Rf1 48. Rc7 Ba6 49. Kc3 Rxf2 50. Rxg7 Rf3+ 51.
Kb4 Kc6 0-1

[Event "Betsys MČR v online bleskovém šachu 2021"]
[Site "Chess.com"]
[Date "2021.04.17"]
[Round "11"]
[White "sipos88"]
[Black "Bavorak15"]
[Result "0-1"]
[WhiteElo "1854"]
[BlackElo "1640"]
[TimeControl "180+1"]
[EndTime "10:50:46 PDT"]
[Termination "Uživatel Bavorak15 zvítězil po vzdání soupeře"]

1. e4 d5 2. exd5 Qxd5 3. d4 e5 4. dxe5 Qxd1+ 5. Kxd1 Bc5 6. Be3 Bxe3 7. fxe3 Bf5 8. Bd3 Bg4+ 9. Nf3 Nc6 10. h3 Bxf3+ 11. gxf3 Nxe5 12. Be4 c6 13. Ke2 O-O-O 14. Nc3 Nf6 15.
Bf5+ Kc7 16. Rad1 g6 17. Bd3 Nh5 18. Kf2 Rd6 19. Be2 Nf6 20. Rxd6 Kxd6 21. Rd1+ Kc7 22. f4 Ned7 23. Kf3 Re8 24. Bc4 Re7 25. a4 a5 26.
Bd3 Nc5 27. b3 Nxd3 28. cxd3 Nd7 29. Ne4 f5 30. Nd2 Nc5 31. d4 Ne4 32. Nxe4 Rxe4 33.
h4 Kd6 34. h5 b6 35. hxg6 hxg6 36. Rg1 Re6 37. Rd1 Kd5 38. Rc1 Re4 39. Rh1 Re6 40.
Rh8 c5 41. Rd8+ Kc6 42. dxc5 Kxc5 43. Rd4 Rf6 44. Ke2 Re6 45. Kd3 Rf6 46. Rc4+ Kd6 47.
Rc8 Re6 48. Rb8 Kc5 49. Rc8+ Rc6 50. Rxc6+ Kxc6 51. Kc4 b5+ 52. axb5+ Kb6 53. b4 a4 54.
Kc3 Kxb5 55. Kb2 Kxb4 56. Ka2 a3 57. Ka1 Kc3 58. Ka2 Kd3 59. Kxa3 Kxe3 60. Kb3 Kxf4 61. Kc3 Kf3 62. Kd2 0-1

[Event "Betsys MČR v online bleskovém šachu 2021"]
[Site "Chess.com"]
[Date "2021.04.17"]
[Round "11"]
[White "OlifantCZ"]
[Black "Johanna94"]
[Result "0-1"]
[WhiteElo "2266"]
[BlackElo "2082"]
[TimeControl "180+1"]
[EndTime "10:50:50 PDT"]
[Termination "Uživatel Johanna94 zvítězil na čas"]

1. c4 e5 2. g3 Nf6 3. Bg2 Nc6 4. Nc3 d6 5. e3 Be6 6. b3 Qd7 7. Bb2 Be7 8. Nge2 O-O 9. O-O Rad8 10. d4 exd4 11.
Nxd4 Nxd4 12. Qxd4 c6 13. Rad1 Bh3 14. Ba3 Rfe8 15. Ne4 Nxe4 16. Qxe4 Bf8 17. Qc2 Bf5 18. Qd2 Qe6 19. Rfe1 Qg6 20. Qc3 Be7 21. Qa5 a6 22. Qb6 Bc8 23. Rd2 Bg5 24. Red1 Bg4 25. Re1 Bc8 26.
h4 Be7 27. Qa5 Qg4 28. Qc3 Qg6 29. Qd3 Qg4 30. Qe2 Qg6 31. Red1 Bg4 32. f3 Bc8 33. Qf2 Bf8 34. e4 h5 35. Bb2 Be7 36. Bd4 c5 37. Bb2 b6 38. Kh2 Bb7 39. Bc3 Bf8 40. Qe3 f5 41. e5 Kh8 42. f4 Bxg2 43. Kxg2 Rc8 44.
Rd5 dxe5 45. Rxe5 Rxe5 46. Bxe5 Qc6+ 47. Rd5 b5 48. Kh3 bxc4 49. bxc4 Re8 50. Qd3 Qg6 51. Rd7 Qg4+ 52. Kh2 Kh7 53. Qd5 Qe2+ 54. Kh3 Qg4+ 0-1

[Event "Betsys MČR v online bleskovém šachu 2021"]
[Site "Chess.com"]
[Date "2021.04.17"]
[Round "11"]
[White "Z_u_z_i"]
[Black "SajdlJosef"]
[Result "0-1"]
[WhiteElo "1535"]
[BlackElo "1816"]
[TimeControl "180+1"]
[EndTime "10:50:50 PDT"]
[Termination "Uživatel SajdlJosef zvítězil na čas"]

1. e4 c6 2. d4 d5 3. Nd2 dxe4 4.
Nxe4 Nf6 5. Ng3 h5 6. h4 Bg4 7. Nf3 e6 8. Be2 Bd6 9. c3 Qc7 10. Nf1 Nbd7 11. Ne3 O-O-O 12. b4 Nd5 13. c4 Bxb4+ 14.
Bd2 Bxd2+ 15. Qxd2 Nxe3 16. Qxe3 Qa5+ 17. Nd2 Bxe2 18.
Qxe2 Qc3 19. O-O Qxd4 20. Rab1 Qxh4 21. Rb3 Nc5 22. Rb2 Qd4 23. Rfb1 h4 24. Nf3 Qd3 25.
Qe5 Qd6 26. Qxg7 Qf8 27. Qe5 Qd6 28. Qc3 h3 29. g3 h2+ 30. Kh1 Qd3 31. Qxd3 Rxd3 32.
Nxh2 Rd4 33. Kg2 Rxc4 34. Nf3 f6 35. Rd2 Rd8 36. Re2 e5 37. Nh4 Kc7 38. Nf5 Ne6 39.
Reb2 b6 40. Ne3 Rc3 41. Ng4 f5 42. Nxe5 f4 43. Nf7 Rf8 44. Ne5 fxg3 45. fxg3 Rg8 46. g4 Rg5 47. Rf2 Rxe5 48. Rf7+ Kd6 49. Rd1+ Rd5 50. Re1 Rc2+ 51. Kf1 Rxa2 52. Rf6 Re5 53.
Rd1+ Ke7 54. Rh6 c5 55. Rh7+ Kf6 0-1

[Event "Betsys MČR v online bleskovém šachu 2021"]
[Site "Chess.com"]
[Date "2021.04.17"]
[Round "11"]
[White "pedroholly22"]
[Black "petrgnojek"]
[Result "1/2-1/2"]
[WhiteElo "2400"]
[BlackElo "2278"]
[TimeControl "180+1"]
[EndTime "10:50:55 PDT"]
[Termination "Remíza opakováním pozice"]

1. Nf3 d6 2. b3 g6 3. Bb2 e5 4.
d4 e4 5. Ng1 Bg7 6. e3 f5 7. c4 Nf6 8. g3 Be6 9. Ne2 Nbd7 10. Bg2 Qe7 11. Nbc3 c6 12. Qd2 Bf7 13. a4 g5 14. h4 h6 15. a5 c5 16. Nb5 O-O 17. hxg5 hxg5 18. O-O-O a6 19. Nbc3 d5 20. cxd5 Nxd5 21. Nxd5 Bxd5 22. dxc5 Qxc5+ 23. Kb1 Be6 24. Bxg7 Kxg7 25. Nd4 Bf7 26. Qb2 Nf6 27. Rc1 Qe5 28.
Rhd1 Kg6 29. b4 Rac8 30. Rxc8 Rxc8 31. Rc1 Rxc1+ 32. Qxc1 Qd6 33. Qc3 Nd5 34. Qc5 Qxc5 35. bxc5 Nc3+ 36. Kc2 Na4 37. c6 bxc6 38. Nxc6 Nc5 39.
Nb4 Nb3 40. Nxa6 Nxa5 41. Kc3 Nc6 42. Nc5 Ne5 43. Nb3 Ng4 44. f3 Nxe3 45. Bh1 Nf1 46. fxe4 Nxg3 47. exf5+ Kxf5 48. Bg2 Bxb3 49. Kxb3 Kf4 50.
Kc3 Ne2+ 51. Kd2 Ng1 52. Ke1 Kg3 53. Kf1 Nf3 54. Bh1 g4 55. Bg2 Nd2+ 56. Kg1 Nf3+ 57. Kf1 Nh2+ 58. Kg1 Nf3+ 59. Kf1 1/2-1/2

[Event "Betsys MČR v online bleskovém šachu 2021"]
[Site "Chess.com"]
[Date "2021.04.17"]
[Round "11"]
[White "Lukuluss88"]
[Black "Innerz98"]
[Result "1-0"]
[WhiteElo "2048"]
[BlackElo "2109"]
[TimeControl "180+1"]
[EndTime "10:50:56 PDT"]
[Termination "Uživatel Lukuluss88 zvítězil po vzdání soupeře"]

1. c4 c5 2. Nc3 g6 3. g3 Bg7 4.
Bg2 Nc6 5. e4 e6 6. d3 Nge7 7.
Nge2 O-O 8. Be3 b6 9. O-O Bb7 10. f4 d6 11. Rb1 a5 12. a3 Nd4 13. Bxd4 cxd4 14. Nb5 Nc6 15. b4 axb4 16. axb4 Ne7 17. Ra1 d5 18. cxd5 exd5 19. e5 Nc6 20. Qb3 f6 21. Nd6 Rxa1 22. Rxa1 Ba8 23. Bxd5+ Kh8 24.
Bxc6 Bxc6 25. Nf7+ Rxf7 26. Qxf7 fxe5 27. Ra7 Qf6 28.
Qxg7+ Qxg7 29. Rxg7 Kxg7 30. fxe5 Bb5 31. Nxd4 Bxd3 32. Kf2 Kf7 33. Ke3 Bc4 34. Ke4 h6 35. h4 Ke7 36. Nf3 Ke6 37. Nd4+ Ke7 38. g4 Kf7 39. g5 hxg5 40. hxg5 Ke7 41. Kf4 Kf7 42. Nc6 Ke6 43. Nd4+ Kf7 44. Nf3 Ke6 45. Nh4 Kf7 46. Ke4 Bb3 47. Kd4 Bc2 48. Kd5 Bb3+ 49. Kd6 Be6 50.
Nf3 Bf5 51. Nd4 Be4 52. e6+ Ke8 53. Nb5 Kd8 54. Nc3 Ke8 1-0

[Event "Betsys MČR v online bleskovém šachu 2021"]
[Site "Chess.com"]
[Date "2021.04.17"]
[Round "11"]
[White "jonasstach"]
[Black "matyson523"]
[Result "0-1"]
[WhiteElo "1992"]
[BlackElo "1839"]
[TimeControl "180+1"]
[EndTime "10:50:57 PDT"]
[Termination "Uživatel matyson523 zvítězil po vzdání soupeře"]

1. e4 c5 2. c3 d5 3. exd5 Qxd5 4. Nf3 Nc6 5. Na3 g6 6. Be2 Bg7 7. O-O Nf6 8. Bc4 Qd6 9. Nb5 Qd8 10. Re1 a6 11.
Na3 O-O 12. h3 b5 13. Bf1 Bb7 14. d3 Qd5 15. Be3 e5 16. Qc2 Rad8 17. Rad1 Rfe8 18. b3 Rc8 19. Bg5 b4 20. Nc4 bxc3 21. Nb6 Qd6 22.
Nxc8 Rxc8 23. Qxc3 Nd4 24. Nxe5 Qd5 25. Qc4 h6 26. Bxf6 Bxf6 27. Qxd5 Bxd5 28. Nc4 Nc2 29.
Re2 Nd4 30. Re3 Nc2 31. Re2 Nd4 32. Red2 Bg5 33. Ne3 Be6 34. Be2 f5 35. Rb2 Bf6 36.
Rbd2 f4 37. Nc4 Bg5 38. Bf3 Nxf3+ 39. gxf3 Bxh3 40. Re1 Rd8 41. Re5 Bf6 42. Re4 g5 43.
Nb2 Bf5 44. Na4 Bxe4 45. fxe4 Bd4 46. Kg2 Kf7 47. f3 h5 48. Nb6 Ke6 49. Nd5 Rxd5 50. exd5+ Kxd5 51. Kh3 Be3 52. Kg2 Bxd2 53. Kh2 Kd4 54. Kg2 Kxd3 55. Kh3 c4 56. bxc4 Kxc4 57. a4 Kb4 58. a5 Kxa5 59. Kg2 g4 60. Kf2 Be3+ 61. Ke2 g3 0-1

[Event "Betsys MČR v online bleskovém šachu 2021"]
[Site "Chess.com"]
[Date "2021.04.17"]
[Round "11"]
[White "EDA16"]
[Black "Nevimjakhrat"]
[Result "0-1"]
[WhiteElo "1141"]
[BlackElo "1448"]
[TimeControl "180+1"]
[EndTime "10:50:57 PDT"]
[Termination "Uživatel Nevimjakhrat zvítězil na čas"]

1. d4 Nf6 2. c4 e6 3. Nc3 Bb4 4. Qc2 b6 5. Bg5 Bb7 6. e4 h6 7.
Bxf6 Qxf6 8. Nf3 d6 9. Bd3 Nd7 10. O-O O-O 11. a3 Bxc3 12. Qxc3 Qe7 13. Rfe1 e5 14.
d5 Nc5 15. Bc2 c6 16. b4 Na6 17. Rad1 cxd5 18. cxd5 Rac8 19. Qb2 Nc7 20. Bb3 Nb5 21. a4 Nc7 22. Rc1 b5 23. a5 Na6 24. Rxc8 Rxc8 25.
Rc1 Rxc1+ 26. Qxc1 Nxb4 27. Qd2 Na6 28. Qe3 Qc7 29. h3 Nc5 30. Bd1 Qxa5 31. Be2 b4 32. Nh4 b3 33. Bd3 Nxd3 34. Qxd3 Qe1+ 35. Kh2 b2 36.
Nf3 Qxf2 37. Qd2 Qxd2 38. Nxd2 Ba6 39. Kg3 Bd3 40. Kf3 b1=Q 41. Nxb1 Bxb1 42. g4 a5 43. Ke3 a4 44. Kd2 a3 45. Kc3 a2 46. Kb2 Bxe4 47. Kxa2 Bxd5+ 48. Kb2 Bg2 49. h4 Bh3 50. g5 hxg5 51.
hxg5 g6 52. Kc3 Kf8 53. Kc4 Ke7 54. Kd5 Bf5 55. Kc4 Ke6 56. Kb5 e4 57. Kc4 e3 58. Kc3 e2 59. Kd2 Bg4 60. Ke1 Ke5 61. Kf2 Ke4 62. Ke1 Kf3 63. Kd2 Kf2 64. Kd3 e1=Q 65. Kc2 Ke3 0-1

[Event "Betsys MČR v online bleskovém šachu 2021"]
[Site "Chess.com"]
[Date "2021.04.17"]
[Round "11"]
[White "Petulak08"]
[Black "kominekmart"]
[Result "0-1"]
[WhiteElo "1158"]
[BlackElo "1548"]
[TimeControl "180+1"]
[EndTime "10:50:59 PDT"]
[Termination "Uživatel kominekmart zvítězil na čas"]

1. e4 d6 2. d4 g6 3. f4 Nf6 4. e5 dxe5 5. fxe5 Nd5 6. c4 Nb6 7. Nc3 Bg7 8. Nf3 O-O 9. Bg5 h6 10. Bh4 Bg4 11. h3 Bxf3 12. gxf3 Qd7 13. Qd3 c5 14.
dxc5 Qxd3 15. Bxd3 N6d7 16. Bxe7 Re8 17. Bd6 Nxe5 18.
Bxe5 Bxe5 19. Kf2 Bd4+ 20. Kg2 Re3 21. Be4 Nc6 22. Nd5 Bxb2 23. Nxe3 Bxa1 24. Rxa1 Nd4 25. Rd1 Ne2 26. Nd5 Rc8 27. Kf2 Rxc5 28. Kxe2 Rxc4 29. Kd3 Rc5 30. Kd4 b6 31. Rb1 Ra5 32. Rb2 Ra4+ 33.
Kc3 Ra5 34. Nb4 Rc5+ 35. Kd2 Kg7 36. Nd5 Ra5 37. Nb4 Rc5 38. Rc2 Rh5 39. Rc7 Rxh3 40. Rxa7 Rh2+ 41. Ke3 Rh4 42. Bd5 Kf6 43. Rxf7+ Ke5 44. f4+ Kd6 45. Rf6+ Kc5 46. Rxg6 Kxb4 47. Be6 Rh3+ 48. Ke4 Rh1 49. Rg3 Re1+ 50. Re3 Rh1 51. Kf5 h5 52. Kg5 h4 53. Bg4 Kc4 54. Rh3 Ra1 55.
Be6+ Kd4 56. Rxh4 Rg1+ 57. Rg4 Re1 58. f5+ Ke5 59. Bc8 b5 60. f6 Rf1 61. f7 Rxf7 62.
Kh4 Rh7+ 63. Kg3 Rh8 64. Bb7 Rb8 0-1

[Event "Betsys MČR v online bleskovém šachu 2021"]
[Site "Chess.com"]
[Date "2021.04.17"]
[Round "11"]
[White "fortale"]
[Black "PetrSoucek"]
[Result "1-0"]
[WhiteElo "2303"]
[BlackElo "2010"]
[TimeControl "180+1"]
[EndTime "10:51:00 PDT"]
[Termination "Uživatel fortale zvítězil matem"]

1. e4 c5 2. Nf3 d6 3. d4 cxd4 4. Nxd4 Nf6 5. Nc3 g6 6. Be3 Bg7 7. f3 O-O 8. Qd2 Nc6 9. Bc4 Bd7 10. O-O-O Rb8 11. h4 b5 12. Be2 b4 13. Nd5 Qa5 14. Nxf6+ Bxf6 15. Kb1 Nxd4 16. Bxd4 Be6 17. b3 Rfc8 18.
Bxf6 exf6 19. h5 g5 20. Bd3 Rc5 21. f4 Qa3 22. Qc1 Qxc1+ 23. Kxc1 a5 24. Rdf1 a4 25. Kb2 Rc3 26. fxg5 fxg5 27. Rf3 g4 28. Rg3 Kg7 29. h6+ Kf6 30. Rh5 axb3 31. axb3 Kg6 32. Ra5 Kf6 33. Re3 Rbc8 34. Rb5 Kg6 35. Rxb4 Kxh6 36. Rb6 Kg5 37. Rxd6 Kf4 38. Re1 h5 39. Rf1+ Kg3 40. Rh1 h4 41.
Rd8 Rxc2+ 42. Bxc2 Rxd8 43. Kc3 h3 44. gxh3 gxh3 45.
e5 Kg2 46. Be4+ Kg3 47. Rg1+ Kf2 48. Rh1 Rb8 49. b4 Rc8+ 50. Kd4 Rd8+ 51. Kc5 Ke3 52. Bc6 Kf4 53. Re1 h2 54. b5 Bd7 55. Rh1 Bxc6 56. bxc6 Kxe5 57. Rxh2 f5 58. Re2+ Kf4 59. c7 Rc8 60.
Kd6 Kf3 61. Ra2 Rxc7 62. Kxc7 f4 63. Kd6 Ke3 64. Ke5 f3 65. Ra3+ Ke2 66. Ke4 f2 67. Ra2+ Ke1 68. Ke3 f1=Q 69. Ra1# 1-0

[Event "Betsys MČR v online bleskovém šachu 2021"]
[Site "Chess.com"]
[Date "2021.04.17"]
[Round "11"]
[White "FaceOfLightning"]
[Black "krystofkrizek1"]
[Result "0-1"]
[WhiteElo "1937"]
[BlackElo "2139"]
[TimeControl "180+1"]
[EndTime "10:51:00 PDT"]
[Termination "Uživatel krystofkrizek1 zvítězil na čas"]

1. Nf3 b6 2. b3 Bb7 3. e3 Nf6 4. Bb2 d6 5. d4 e6 6. Nbd2 Be7 7.
Bd3 O-O 8. O-O Nbd7 9. c4 c5 10. Qc2 h6 11. Rac1 a5 12. a3 Bc6 13. e4 a4 14. d5 axb3 15. Qxb3 Ba4 16. Qc3 e5 17.
Bc2 Bxc2 18. Qxc2 Nh5 19. g3 Nhf6 20. Nh4 Qc7 21. Nf5 Rfe8 22. Ra1 Bf8 23. a4 Nb8 24. Bc3 Nbd7 25. a5 bxa5 26. Ra2 Ra7 27. Rfa1 Rea8 28. Ra4 Qd8 29. Nb3 Nb6 30. Rxa5 Rxa5 31.
Nxa5 Qb8 32. Nc6 Rxa1+ 33. Bxa1 Qa8 34. Bb2 Qa4 35. Qxa4 Nxa4 36. Ba3 Nb6 37. Ne3 Nxe4 38. Bc1 g6 39. Kg2 f5 40. f3 Nf6 41. Nc2 Nxc4 42. Kf2 Nxd5 43. Nd8 Ncb6 44. Ne6 Kf7 45. Nd8+ Ke8 46. Nc6 Kd7 47. Na5 Nb4 48. Nxb4 cxb4 49. Bb2 Ke6 50. Ke3 d5 51. Kd3 e4+ 52. fxe4 dxe4+ 53. Ke2 Bd6 54. Bd4 Nd5 55. Nb3 Be5 56. Bc5 Nc3+ 57.
Ke3 Nd5+ 58. Ke2 g5 59. Nd4+ Bxd4 60. Bxd4 f4 61. gxf4 gxf4 62. Kf2 Kf5 0-1

[Event "Betsys MČR v online bleskovém šachu 2021"]
[Site "Chess.com"]
[Date "2021.04.17"]
[Round "11"]
[White "Smetanka674"]
[Black "Pantata007"]
[Result "0-1"]
[WhiteElo "1774"]
[BlackElo "2239"]
[TimeControl "180+1"]
[EndTime "10:51:01 PDT"]
[Termination "Uživatel Pantata007 zvítězil na čas"]

1. d4 d5 2. c4 c6 3. Nc3 Nf6 4. Nf3 e6 5. e3 Nbd7 6. Bd3 dxc4 7. Bxc4 b5 8. Bd3 Bd6 9. O-O O-O 10. Ne4 Be7 11. b3 Bb7 12. Bb2 Nxe4 13. Bxe4 Nf6 14.
Bc2 c5 15. Rc1 Rc8 16. Qe2 a6 17. Rfd1 Qb6 18. dxc5 Bxc5 19. h3 Nd5 20. Qd3 g6 21. a3 b4 22. a4 Rfd8 23. Qe2 a5 24. Ne5 Nc3 25. Rxd8+ Rxd8 26. Bxc3 bxc3 27. Qc4 Bb4 28. Be4 Bxe4 29. Qxe4 Qd6 30. Nc4 Qd5 31. Qxd5 exd5 32. Ne5 d4 33. exd4 Rxd4 34. Kf1 Rd2 35. Nc4 Ra2 36.
Ke1 Kg7 37. g4 h5 38. g5 f6 39. f4 fxg5 40. fxg5 Rh2 41. Kd1 Rxh3 42. Kc2 Rg3 43. Ne5 Rxg5 44. Nd3 Rg2+ 45. Kb1 h4 46. Nf4 Rg4 47. Ne2 g5 48. Nxc3 Bxc3 49. Rxc3 Rg3 50. Rc7+ Kg6 51. Kc2 h3 52. Rc8 g4 53. Rh8 Rg2+ 54.
Kd3 Kg5 55. Ke3 Rb2 0-1

[Event "Betsys MČR v online bleskovém šachu 2021"]
[Site "Chess.com"]
[Date "2021.04.17"]
[Round "11"]
[White "stripe122"]
[Black "marfuss"]
[Result "1-0"]
[WhiteElo "1816"]
[BlackElo "1946"]
[TimeControl "180+1"]
[EndTime "10:51:01 PDT"]
[Termination "Uživatel stripe122 zvítězil matem"]

1. e4 e5 2. Nf3 Nf6 3. Nc3 Nc6 4.
Bb5 Nd4 5. Ba4 Nxf3+ 6. Qxf3 Bc5 7. O-O O-O 8. d3 h6 9. Qg3 Kh7 10. Qxe5 d6 11. Qg3 a6 12. Be3 b5 13. Bb3 Bb7 14. Bxc5 dxc5 15. a4 b4 16. Ne2 a5 17. f4 Qd7 18. Qe3 Qc6 19. h3 Ba6 20. e5 Ng8 21.
Ng3 Ne7 22. Ne4 Nf5 23. Qxc5 Qxc5+ 24. Nxc5 Nd4 25. Nxa6 Rxa6 26. Bc4 Rc6 27. c3 bxc3 28. bxc3 Nc2 29. Ra2 Ne3 30. Bb5 Rxc3 31. Re1 Nf5 32. Bc4 Nd4 33. Kf2 f6 34. Ke3 Nf5+ 35. Kd2 Rxc4 36.
dxc4 fxe5 37. fxe5 Re8 38. Kd3 Kg6 39. Rae2 Ne7 40.
e6 Kf6 41. Kd4 Nf5+ 42. Kc5 Nd6 43. Kc6 Nxc4 44. e7 Nd6 45. Kd7 Kf7 46. Rd2 Kg6 47.
Rxd6+ cxd6 48. Kxe8 Kf6 49. Kd7 d5 50. e8=Q d4 51. Qe2 d3 52. Qxd3 Kf7 53. Qb5 Kf6 54. Qxa5 h5 55. Qb6+ Kg5 56. Qc5+ Kh6 57. Qd6+ g6 58. Re6 Kg5 59. Rxg6+ Kf5 60. Qe6+ Kf4 61. Qc4+ Ke3 62. Rd6 Kf2 63. Rd3 Kg1 64. g4 Kh2 65. Qc2+ Kg1 66. Rd1# 1-0

[Event "Betsys MČR v online bleskovém šachu 2021"]
[Site "Chess.com"]
[Date "2021.04.17"]
[Round "11"]
[White "Berzeger"]
[Black "Tassa15"]
[Result "0-1"]
[WhiteElo "1010"]
[BlackElo "877"]
[TimeControl "180+1"]
[EndTime "10:51:02 PDT"]
[Termination "Uživatel Tassa15 zvítězil na čas"]

1. e4 d5 2. exd5 Qxd5 3. Nc3 Qd6 4. Nf3 c6 5. Bc4 Bg4 6. h3 Bh5 7. O-O Nf6 8. d3 e6 9. Qe2 Nbd7 10. Ne4 Nxe4 11.
dxe4 Qc7 12. Qe3 Bd6 13. b3 Bf4 14. Qd3 Nf6 15. Bxf4 Qxf4 16. Rae1 O-O 17. e5 Rad8 18. Qe3 Qxe3 19. Rxe3 Nd5 20. Bxd5 Rxd5 21. c4 Rd7 22. Ng5 h6 23. Ne4 Rfd8 24. Ree1 Rd4 25. Nc5 b6 26.
Nb7 R8d7 27. Nd6 Rd2 28. a4 Rd3 29. b4 Rd2 30. b5 cxb5 31. axb5 Be2 32. Ne4 Rc2 33. Rc1 Rxc1 34. Rxc1 Bd3 35. Rd1 Rd4 36. Ng3 Kf8 37. Ne2 Rd8 38. Nc3 Ke7 39. Ne2 Bxc4 40. Rxd8 Kxd8 41. Nc3 Bd3 42. Kh2 Kd7 43. f4 Ke7 44. g3 f6 45. h4 fxe5 46. fxe5 Bf5 47. Kg2 Kf7 48. Kf3 Kg6 49. Kf4 Kh5 50. Na4 Bc2 51.
Nb2 Bb3 52. Nd3 Bc4 53. Nf2 Bxb5 54. Ne4 Bc6 55. Nd6 b5 56. Nc8 a5 57. Na7 b4 58.
Nxc6 b3 0-1

[Event "Betsys MČR v online bleskovém šachu 2021"]
[Site "Chess.com"]
[Date "2021.04.17"]
[Round "11"]
[White "sharpi5135"]
[Black "JonasFadrny"]
[Result "1-0"]
[WhiteElo "745"]
[BlackElo "723"]
[TimeControl "180+1"]
[EndTime "10:51:02 PDT"]
[Termination "Uživatel sharpi5135 zvítězil na čas"]

1. d4 d5 2. e3 Nc6 3. Bb5 Nf6 4. c4 dxc4 5. Bxc4 Ne4 6. Bb5 Bd7 7. Nc3 Nxc3 8. bxc3 a6 9. Ba4 b5 10. Bb3 Be6 11.
Qf3 Bxb3 12. axb3 b4 13. Qxc6+ Qd7 14. Qxd7+ Kxd7 15. cxb4 a5 16. bxa5 e6 17. Bd2 Be7 18. Nf3 g5 19. Ne5+ Kd6 20. Nxf7+ Kd7 21. Nxh8 Rxh8 22. O-O Ra8 23. a6 h5 24. Ra5 Bd8 25. g3 c6 26. Ra4 g4 27. Kg2 h4 28. h3 gxh3+ 29. Kxh3 Kd6 30. e4 e5 31. dxe5+ Kxe5 32. Bf4+ Ke6 33. b4 Kf6 34. gxh4 Kg6 35. e5 Kf5 36. f3 Bc7 37. Rg1 Ke6 38. Rg6+ Kd5 39. e6 Bxf4 40. Kg4 Bd6 41. a7 Rf8 42. Rg5+ Kxe6 43. a8=Q Rf4+ 44. Kh5 Rf8 45. Qxf8 Bxf8 46. Rg6+ Kf7 47. Ra7+ Be7 48. Rxe7+ Kxe7 49. Rxc6 Kd7 50. Rh6 Kc7 51. Rh7+ Kb6 52. Rh6+ Kb5 53. Rh7 Kxb4 54.
Rb7+ Kc3 55. Rc7+ Kd2 56. Rd7+ Ke3 57. Re7+ Kxf3 58. Rf7+ 1-0

[Event "Betsys MČR v online bleskovém šachu 2021"]
[Site "Chess.com"]
[Date "2021.04.17"]
[Round "11"]
[White "Eliska0107"]
[Black "TheFr0zenSun"]
[Result "0-1"]
[WhiteElo "2052"]
[BlackElo "2251"]
[TimeControl "180+1"]
[EndTime "10:51:08 PDT"]
[Termination "Uživatel TheFr0zenSun zvítězil na čas"]

1. e4 e5 2. Nf3 Nf6 3. d3 Nc6 4. Be2 Bc5 5. O-O h6 6. c3 d6 7. Be3 Bb6 8. Nbd2 O-O 9. Bxb6 axb6 10. a3 Re8 11. Qc2 d5 12. Rfe1 Bg4 13. Nf1 d4 14.
Ng3 dxc3 15. bxc3 Qd6 16. a4 Ra5 17. Nd2 Bxe2 18. Rxe2 Rd8 19. Nc4 Qxd3 20. Nxa5 Nxa5 21. Qxd3 Rxd3 22. Rc1 Nd7 23. Nf5 Nc5 24. Ne7+ Kf8 25. Nd5 Nab3 26. Rce1 c6 27. Nxb6 Rxc3 28. f3 Nd4 29.
Rb2 Nd3 30. Reb1 Nxb2 31. Rxb2 Ke7 32. Kf2 f6 33. h4 Kd8 34. a5 Kc7 35. Na4 Rc4 36. Nb6 Rc5 37. a6 bxa6 38. Na8+ Kd6 39. Rb7 Rc2+ 40. Kg3 Ne2+ 41. Kg4 Nf4 42. g3 Ne6 43.
Nb6 g6 44. Nc8+ Kc5 45. Re7 h5+ 46. Kh3 Nd4 47. f4 exf4 48. gxf4 a5 49. Rf7 f5 50. e5 a4 51. Ra7 Rc3+ 52. Kg2 a3 53. Ne7 Rc2+ 54. Kg3 a2 55. Nxg6 Nb3 56. e6 a1=Q 57.
Rxa1 Nxa1 58. e7 Re2 59. Kf3 Re6 60. Ne5 Rxe7 61. Nd3+ Kd6 62. Ne5 Rxe5 63. fxe5+ Kxe5 0-1

[Event "Betsys MČR v online bleskovém šachu 2021"]
[Site "Chess.com"]
[Date "2021.04.17"]
[Round "11"]
[White "p_kana"]
[Black "RomanHlavicka"]
[Result "1-0"]
[WhiteElo "1782"]
[BlackElo "1530"]
[TimeControl "180+1"]
[EndTime "10:51:12 PDT"]
[Termination "Uživatel p_kana zvítězil na čas"]

1. e4 d5 2. exd5 Nf6 3. c4 c6 4. d4 cxd5 5. Nc3 Nc6 6. Nf3 Bg4 7. cxd5 Nxd5 8. Qb3 Bxf3 9. gxf3 Nxd4 10. Bb5+ Nxb5 11. Qxb5+ Qd7 12. Qxd7+ Kxd7 13. Nxd5 e6 14. Nc3 Bb4 15. Be3 a6 16. O-O-O+ Ke7 17. Rd3 Rac8 18. Kc2 Rc6 19.
Rg1 g6 20. a3 Ba5 21. b4 Bc7 22. h3 Be5 23. Kb3 Rhc8 24. Bc5+ Kf6 25. Ne4+ Kg7 26.
Rgd1 b6 27. Bd4 Bxd4 28. Rxd4 b5 29. Nc5 a5 30. Rd6 Rxd6 31. Rxd6 a4+ 32. Kc3 Kf6 33.
Kd4 h5 34. Ke4 Kg5 35. Ke5 Re8 36. Rd4 f6+ 37. Ke4 e5 38. Rd6 f5+ 39. Ke3 h4 40.
Ne6+ Kf6 41. Nc5+ Ke7 42. Re6+ Kf7 43. Rxe8 Kxe8 44. Nb7 Kd7 45. Nc5+ Kd6 46. f4 e4 47. Kd4 Kc6 48. Ne6 Kd6 49. Nf8 g5 50. fxg5 Ke7 51. Ng6+ Kf7 52. Nxh4 Kg7 53. Nxf5+ Kg6 54. Kxe4 Kxg5 55.
f4+ Kf6 56. h4 Kf7 57. h5 Kf6 58. h6 Kg6 59. Kd5 Kxf5 60. h7 Kxf4 61. h8=Q Kf5 62. Kc5 Ke6 63. Kxb5 Kd6 64. Kxa4 Ke7 65. Kb3 1-0

[Event "Betsys MČR v online bleskovém šachu 2021"]
[Site "Chess.com"]
[Date "2021.04.17"]
[Round "11"]
[White "Toman_26"]
[Black "feela1"]
[Result "1-0"]
[WhiteElo "1083"]
[BlackElo "1287"]
[TimeControl "180+1"]
[EndTime "10:51:12 PDT"]
[Termination "Uživatel Toman_26 zvítězil matem"]

1. e4 e5 2. Nf3 Nc6 3. d4 exd4 4. Nxd4 Nxd4 5. Qxd4 Qe7 6. Be2 Qb4+ 7. Qxb4 Bxb4+ 8. c3 Bc5 9. O-O d6 10. Re1 Ne7 11. Bc4 O-O 12. Be3 Bxe3 13. Rxe3 Ng6 14. Nd2 Re8 15. Rae1 Bd7 16. Nf3 Bg4 17. Ng5 Re7 18. h3 Bd7 19. Nf3 Rae8 20. Bb3 c6 21. Nd2 Ne5 22. Nf3 Nxf3+ 23. Rxf3 Be6 24. Bxe6 Rxe6 25. Rfe3 h6 26. f3 a6 27. Rd3 d5 28. Rde3 dxe4 29. Rxe4 Rxe4 30. Rxe4 Rxe4 31. fxe4 Kf8 32. Kf2 Ke7 33.
Ke3 Ke6 34. Kd4 Kd6 35. c4 b5 36. c5+ Kd7 37. b4 f6 38. g4 g6 39. e5 f5 40.
gxf5 gxf5 41. Ke3 Ke6 42. Kf4 h5 43. h4 Kd5 44. Kxf5 Kc4 45. e6 Kxb4 46. e7 Ka4 47. e8=Q a5 48. Qxc6 Kb4 49. Ke4 a4 50. Qd5 Ka3 51.
Qd3+ Kb4 52. Qd2+ Ka3 53. Qc1+ Kb4 54. Qb1+ Ka5 55. Qb2 b4 56. c6 a3 57. Qb3 Kb5 58.
Kd5 Ka5 59. c7 Kb5 60. c8=Q Ka5 61. Qc5+ Ka6 62. Qc6+ Ka5 63. Qxb4+ Kxb4 64. Qc4+ Ka5 65. Qb3 Ka6 66. Kc6 Ka5 67. Qb5# 1-0